 Dungeon Crawl Stone Soup version 0.30-a0-824-g6c64550be9 (webtiles) character file.

Game seed: 15306834984781641849

93 CowFu the Trooper (level 4, -1/57 HPs)
             Began as a Demigod Fighter on Feb 27, 2023.
             Slain by an adder (2 damage)
             ... on level 2 of the Dungeon.
             The game lasted 00:01:24 (1446 turns).

CowFu the Trooper (Demigod Fighter)                 Turns: 1446, Time: 00:01:24

Health: -1/57      AC: 22    Str: 21    XL:     4   Next: 14%
Magic:  6/6        EV:  2    Int: 10    God:
Gold:   81         SH:  4    Dex: 13    Spells: 3/3 levels left

rFire   . . .      SeeInvis .    a - +0 long sword
rCold   . . .      Faith    .    c - +0 buckler
rNeg    . . .      Spirit   .    (body armour currently unavailable)
rPois   +          Reflect  .    (helmet currently unavailable)
rElec   .          Harm     .    (cloak currently unavailable)
rCorr   .          Rampage  .    (gloves currently unavailable)
Will    .....      NoTele   +    (boots currently unavailable)
Stlth   +                        (no amulet)
HPRegen 0.29/turn                (no ring)
MPRegen 0.10/turn                (no ring)

@: mighty, lethally poisoned (-1 -> -1), tree-form
A: stationary, stasis, torment immunity, boosted hp, high MP 1, forlorn, divine
attributes
a: no special abilities


You were on level 2 of the Dungeon.
You were a tree.
You visited 1 branch of the dungeon, and saw 3 of its levels.

You collected 81 gold pieces.

Inventory:

Hand Weapons
 a - a +0 long sword (weapon)
Armour
 c - a +0 buckler (worn)
 m - a +0 chain mail (melded)
Jewellery
 o - a +6 ring of strength
Scrolls
 b - a scroll of noise {unknown}
 g - 2 scrolls of butterflies {unknown}
 j - a scroll of blinking {unknown}
 k - 6 scrolls of identify {unknown}
 n - a scroll of poison {unknown}
Potions
 e - a potion of curing {unknown}
 f - a potion of lignification
 h - a potion of mutation {unknown}
 i - a potion of attraction {unknown}
 l - a potion of heal wounds {unknown}


   Skills:
 + Level 3.2 Fighting
 + Level 2.4 Long Blades
 + Level 3.1 Armour
 + Level 1.4 Dodging
 + Level 3.2 Shields


You had 3 spell levels left.
You didn't know any spells.
Your spell library was empty.

Dungeon Overview and Level Annotations

Branches:
Dungeon (3/15)

Shops:
D:1 :


Innate Abilities, Weirdness & Mutations

You are a tree.
Your roots penetrate the ground, keeping you stationary.
You cannot be teleported.
You are immune to unholy pain and torment.
Your maximum health is greatly increased.
Your equipment is partially melded.
You have an increased reservoir of magic. (+10% MP)
You shall have no god before yourself.
Your divine heritage dramatically boosts your attributes as you level up.


Message History

You hit the gnoll.
The gnoll is moderately wounded.
The adder struggles to get unstuck from the web.
The gnoll hits you with a +0 whip.
* * * LOW HITPOINT WARNING * * *
The adder pulls away from the web.
You barely miss the gnoll.
The gnoll is moderately wounded.
The gnoll hits you with a +0 whip.
* * * LOW HITPOINT WARNING * * *
The worm bites you.
* * * LOW HITPOINT WARNING * * *
The gnoll closely misses you. The gnoll attacks as you move away!
You block the gnoll's attack. The gnoll attacks as you move away!
The gnoll hits you but does no damage.
You miss the adder.
The adder bites you but does no damage. x2
You hit the adder.
The adder is lightly wounded.
The adder closely misses you.
You barely miss the adder.
The adder is lightly wounded.
The adder bites you.
* * * LOW HITPOINT WARNING * * *
The adder barely misses you.
You feel very mighty all of a sudden. The adder bites you.
* * * LOW HITPOINT WARNING * * *
You are poisoned.
The adder poisons you! The adder bites you.
* * * LOW HITPOINT WARNING * * *
You miss the adder.
The adder is lightly wounded.
* * * LOW HITPOINT WARNING * * *
You feel sick. The adder bites you but does no damage.
It was a potion of lignification.
You turn into a tree.
Your +0 chain mail melds into your body.
Your roots penetrate the ground.
* * * LOW HITPOINT WARNING * * *
You feel sick. The adder bites you but does no damage. The adder bites you.
You die...

...........
#b.#..........##
.###..............#
.....#............#
........#..>......#
....##<.....##....#
.... #.#....##....
###. ..#.........#
#.####...#.. #♣# ..
...##. #S## ..
......##gg#
........w.#
..........##
...........#
......$....#
..............#
..........>##.#


You could see a worm, a gnoll, an adder and a goblin.

Vanquished Creatures
  An iguana (D:3)
  Natasha (D:3)
  An adder (D:3)
  A dart slug (D:1)
  6 orcs (D:3)
  A ball python (D:1)
  2 endoplasms
  A giant cockroach (D:1)
  4 goblins
  2 bats (D:3)
  A frilled lizard (D:1)
  2 kobolds (D:1)
  6 rats
29 creatures vanquished.

Notes
Turn   | Place    | Note
-------+----------+-------------------------------------------
     0 | D:1      | CowFu the Demigod Fighter began the quest for the Orb.
     0 | D:1      | Reached XP level 1. HP: 18/18 MP: 3/3
    29 | D:1      | Found Qiang's Book Shoppe.
   449 | D:1      | Reached XP level 2. HP: 25/25 MP: 4/4
   654 | D:2      | You fall into a shaft and drop 1 floor!
   668 | D:3      | Reached skill level 1 in Dodging
   668 | D:3      | Reached XP level 3. HP: 15/31 MP: 5/5
   827 | D:3      | Noticed Natasha
   837 | D:3      | Killed Natasha
  1006 | D:3      | Reached XP level 4. HP: 31/38 MP: 6/6
  1445 | D:2      | HP: 1/38 [poisoned by an adder]
  1446 | D:2      | Slain by an adder

Illustrated notes

Levels and vault maps discovered:
D:1:      dpeg_arrival_houses_and_road, layout_basic, serial_shops,
          shop_fountains
D:2:      layout_rooms, shapermc_ecumenical_altar_rom_forum, basic_altar,
          kennysheep_another_room, hangedman_abyss_or_decor_lesser_grid,
          uniq_crazy_yiuf_cottage
D:3:      layout_loops_cross, uniq_natasha

Skill      XL: |  1  2 |
---------------+-------+-----
Long Blades    | 2 |  2.4
Fighting       | 3 |  3.2
Armour         | 3 |  3.1
Dodging        | 1 |  1.4
Shields        | 3 |  3.2

Action                     |  1- 3 |  4- 6 || total
---------------------------+-------+-------++-------
  Melee: Long sword        |    77 |    34 ||   111
    Use: Potion            |       |     2 ||     2
 Armour: Scale mail        |    33 |       ||    33
         Chain mail        |       |    18 ||    18
         Skin              |       |     1 ||     1
  Dodge: Dodged            |    48 |    14 ||    62
  Block: Buckler           |    25 |    10 ||    35

Table legend: (Time is in decaauts)
 A = Elapsed time spent in this place.
 B = Non-inter-level travel time spent in this place.
 C = Inter-level travel time spent in this place.
 D = Time resting spent in this place.
 E = Time spent auto-exploring this place.
 F = Levels seen in this place.
 G = Mean time per level.
                   A        B        C        D        E       F      G
               +--------+--------+--------+--------+--------+-----+--------+
         Total |   1481 |   1473 |      8 |      0 |   1194 |   3 |  493.7 |
       Dungeon |   1481 |   1473 |      8 |      0 |   1194 |   3 |  493.7 |
               +--------+--------+--------+--------+--------+-----+--------+

Top non-repeatable levels by time:
     D:3: 801 daAuts
     D:1: 660 daAuts
     D:2: 18 daAuts
